[Event "Blixt-SM 2021"]
[Site "Elite Hotel Marina Plaza, Kungstorget 6, Helsingborg, Sweden"]
[Date "2021.11.14"]
[Round "10.3"]
[White "Storme, Isak"]
[Black "Tornberg, Carlos"]
[Result "1/2-1/2"]
[TimeControl "3 minutes + 2 seconds per move."]
[WhiteTitle "FM"]
[WhiteFideId "1728113"]
[BlackFideId "1733478"]
[WhiteElo "2037"]
[BlackElo "2053"]

1. e4 e5 2. Nf3 Nc6 3. Bb5 a6 4. Ba4 d6 5. c3 f5 6. exf5 Bxf5 7. O-O Bd3 8. Re1 Be7 9. Bc2 Bxc2 10. Qxc2 Nf6 11. d4 e4 12. Ng5 d5 13. f3 h6 14.
Ne6 Qd7 15. Nf4 O-O 16. Nd2 Bd6 17. Ng6 Rf7 18. fxe4 dxe4 19. Nxe4 Re8 20. Nxf6+ Rxf6 21. Bd2 Rxe1+ 22. Rxe1 Qg4 23. Ne5 Nxd4 24. Qe4 Qxe4 25.
Rxe4 Nf5 26. Nf3 Bc5+ 27. Kf1 Kf7 28. Ke2 Nd6 29. Rf4 g5 30. Rxf6+ Kxf6 31. b3 Ne4 32. Be1 Bd6 33. h3 Bg3 34. Bxg3 Nxg3+ 35. Kd3 Nh5 36. Ke4 Nf4 37. Ne1 Ke6 38.
h4 Ne2 39. hxg5 hxg5 40. Kd3 Nf4+ 41. Ke4 Ne2 42. Nf3 Nxc3+ 43. Kd3 Nxa2 44. Nxg5+ Kf5 45. Nf7 b5 46. Kd4 Nc1 47. Kc3 a5 48. Nd8 c5 49. Nb7 Ne2+ 50. Kb2 c4 51. bxc4 bxc4 52. Nxa5 c3+ 53. Kc2 Kg4 54. Nc4 Kg3 55. Ne3 Kf2 56. Nd5 Kxg2 57. Nf4 Kh1 58. Nxe2 Kg2 59. Kxc3 1/2-1/2

[Event "Blixt-SM 2021"]
[Site "Elite Hotel Marina Plaza, Kungstorget 6, Helsingborg, Sweden"]
[Date "2021.11.14"]
[Round "12.1"]
[White "Smith, Axel"]
[Black "Tornberg, Carlos"]
[Result "1-0"]
[TimeControl "3 minutes + 2 seconds per move."]
[WhiteTitle "GM"]
[WhiteFideId "1707930"]
[BlackFideId "1733478"]
[WhiteElo "2473"]
[BlackElo "2053"]

1. e4 e5 2. Nf3 Nc6 3. Bc4 Nf6 4. Ng5 Bc5 5. Bxf7+ Ke7 6.
Bd5 Rf8 7. O-O d6 8. h3 Qe8 9. d3 Qg6 10. Kh1 Nh5 11. Nf3 Nf4 12. Bxf4 Rxf4 13. c3 Bd7 14. d4 exd4 15. cxd4 Rxf3 16. Bxc6 Rxh3+ 17. gxh3 Bxh3 18.
Rg1 Qxe4+ 19. Bxe4 1-0

[Event "Blixt-SM 2021"]
[Site "Elite Hotel Marina Plaza, Kungstorget 6, Helsingborg, Sweden"]
[Date "2021.11.14"]
[Round "13.8"]
[White "Abedinov, Adnan"]
[Black "Troedsson, Anton"]
[Result "1-0"]
[TimeControl "3 minutes + 2 seconds per move."]
[WhiteFideId "1703544"]
[BlackFideId "1746006"]
[WhiteElo "2170"]
[BlackElo "2104"]

1. d4 d5 2. Bf4 Nf6 3. e3 c5 4. Nf3 Nc6 5. c3 Qb6 6. Qb3 c4 7. Qc2 Bf5 8. Qc1 e6 9. Nbd2 h6 10. b3 cxb3 11. axb3 Be7 12. Be2 O-O 13. O-O Rfc8 14. Qb2 Qd8 15. h3 Bd6 16. Ne5 Bxe5 17.
dxe5 Nd7 18. Nf3 Be4 19. c4 Qb6 20. Rfd1 Nc5 21. Ra3 dxc4 22. Bxc4 Rd8 23. Rd6 Qb4 24. Nd4 Na5 25. Rxa5 Qxa5 26. b4 Qa4 27. bxc5 Qxc4 28. f3 Bg6 29. Kh2 Qxc5 30. Qxb7 Rab8 31. Qa6 Rb6 32. Rxd8+ Kh7 33. Qa1 Qc4 34. Ne2 Qxe2 35. Qd1 Rb2 36. Qxe2 Rxe2 37. Rd7 Ra2 38. Kg3 a5 39. e4 h5 40. Be3 h4+ 41. Kxh4 Rxg2 42. Ra7 Ra2 43. Kg3 Ra3 44. Kf4 a4 45.
h4 Ra2 46. Bc5 Kh6 47. Bf8 Kh7 48. Be7 Bh5 49. Bf8 Ra3 50. Kg5 Bxf3 51. Rxf7 Bxe4 52. Rxg7+ Kh8 53. Ra7 Rg3+ 54.
Kh6 Rg6+ 55. Kh5 Rg8 56. Be7 Re8 57. Bf6+ Kg8 58. Rxa4 Bf5 59. Ra7 Kf8 60. Kg5 Kg8 61. h5 Rc8 62. h6 Rc2 63.
Ra8+ Kf7 64. Ra7+ Kf8 65. Bg7+ Kg8 66. Kf6 Rh2 67. Ra8+ Kh7 68. Rh8+ 1-0

[Event "Blixt-SM 2021"]
[Site "Elite Hotel Marina Plaza, Kungstorget 6, Helsingborg, Sweden"]
[Date "2021.11.14"]
[Round "1.4"]
[White "Kucuksari, Kaan"]
[Black "Kayyali, Isam"]
[Result "1/2-1/2"]
[TimeControl "3 minutes + 2 seconds per move."]
[WhiteTitle "FM"]
[WhiteFideId "6380166"]
[BlackFideId "1761706"]
[WhiteElo "2301"]
[BlackElo "1777"]

1. d4 Nf6 2. c4 e6 3. g3 d5 4. Nf3 c6 5.
Qc2 Be7 6. Bg2 O-O 7. O-O Nbd7 8. Nbd2 b6 9. e4 dxe4 10. Nxe4 Bb7 11. Rd1 Rc8 12. Bf4 Nxe4 13. Qxe4 Nf6 14.
Qc2 b5 15. Ne5 bxc4 16. Qxc4 Nd5 17. Bd2 Bf6 18. Bb4 Re8 19. Bc5 Bxe5 20. dxe5 Qa5 21. b4 Qb5 22. Qc2 Nxb4 23. Bxb4 Qxb4 24.
Rd6 Qb6 25. Rb1 Qc7 26. Qc5 Ba8 27.
Rbd1 Qb6 28. Qc3 h6 29. Rd7 Red8 30. Qd2 Rxd7 31. Qxd7 Rf8 32. h4 Qa6 33. Qd2 Qc8 34. Qa5 a6 35.
Qc5 Bb7 36. Rc1 Qd7 37. Kh2 Rc8 38.
Rc2 g6 39. Rb2 Ba8 40. Qe3 Kg7 41.
Qc5 g5 42. h5 Qc7 43. a4 Rb8 44.
Rd2 Rd8 45. Rc2 Bb7 46. a5 Ba8 47.
Rb2 Bb7 48. Qe3 Ba8 49. Rb6 c5 50.
Bxa8 Rxa8 51. Qf3 Ra7 52.
Qf6+ Kg8 53. Rd6 Ra8 54. Qxh6 Qe7 55. Rc6 Rb8 56. Qf6 Qxf6 57. exf6 Rb5 58. Rxa6 c4 59. Ra8+ Kh7 60. Ra7 Kh6 61. Rxf7 Rxa5 62. Rf8 Kxh5 63. Rg8 Ra7 64. Rc8 Kg6 65.
Rxc4 Kxf6 66. Kg2 Rd7 67. Re4 Rd5 68. Re3 Rf5 69. Kg1 Rd5 70. Rf3+ Rf5 71. Ra3 Rd5 72.
Kg2 Rf5 73. g4 Rd5 74. Kg3 Kg6 75.
Rf3 Rc5 76. Rf8 Kg7 77. Ra8 Kf6 78.
Ra7 Rd5 79. Kf3 Rc5 80. Ra4 Re5 81. Rd4 Rc5 82. Ke4 Re5+ 83. Kd3 Ra5 84. Rd8 Ke5 85. Rf8 Ra3+ 86. Ke2 Ra4 87. Kf3 Ra3+ 88. Kg2 Ra4 89. Kg3 Ra3+ 90. f3 Ra4 91. Rf7 Rd4 92. Rf8 Rb4 1/2-1/2

[Event "Blixt-SM 2021"]
[Site "Elite Hotel Marina Plaza, Kungstorget 6, Helsingborg, Sweden"]
[Date "2021.11.14"]
[Round "3.2"]
[White "Troedsson, Anton"]
[Black "Olsson, Linus"]
[Result "0-1"]
[TimeControl "3 minutes + 2 seconds per move."]
[BlackTitle "FM"]
[WhiteFideId "1746006"]
[BlackFideId "1706098"]
[WhiteElo "2104"]
[BlackElo "2204"]

1. Nf3 Nf6 2. b3 g6 3.
Bb2 Bg7 4. g3 O-O 5. Bg2 d6 6. d4 Bf5 7. c4 Qc8 8. O-O Bh3 9. Nc3 Bxg2 10. Kxg2 Nbd7 11. e4 c5 12. Re1 cxd4 13.
Nxd4 Nc5 14. Nd5 Re8 15. Qc2 h5 16. Nxf6+ Bxf6 17. h4 a5 18. Rad1 a4 19. b4 a3 20. Ba1 Nd7 21. Qb3 Ne5 22.
Rc1 Qd7 23. Red1 Rec8 24. Rc2 Bxh4 25. f4 Nc6 26. Nf3 Bf6 27. Bxf6 exf6 28. c5 Rd8 29. Rxd6 Qe7 30. Qc4 Rxd6 31. cxd6 Qxd6 32. Qc5 Qd1 33.
b5 Nd8 34. Qc3 Ne6 35. Rd2 Qb1 36. Qxf6 Qxe4 37. Rd7 Rf8 38. Kf2 Qc2+ 39. Rd2 Qc5+ 40. Kg2 0-1

[Event "Blixt-SM 2021"]
[Site "Elite Hotel Marina Plaza, Kungstorget 6, Helsingborg, Sweden"]
[Date "2021.11.14"]
[Round "4.9"]
[White "Svensson, Mikael"]
[Black "Agovic, Seifo"]
[Result "1-0"]
[TimeControl "3 minutes + 2 seconds per move."]
[WhiteFideId "1716433"]
[BlackFideId "1702360"]
[WhiteElo "2073"]
[BlackElo "1910"]

1. d4 Nf6 2. Nf3 d5 3. Bg5 h6 4. Bxf6 exf6 5. e3 Bd6 6. c4 c6 7. Nc3 Be6 8.
Qb3 Qd7 9. Be2 O-O 10. O-O a5 11. cxd5 cxd5 12. Na4 Ra7 13. Rac1 Nc6 14. Nb6 Qd8 15. a3 Bc7 16. Na4 Qd6 17.
Nc3 g5 18. Nb5 Qd7 19. Nxa7 Nxa7 20. Qc3 Rc8 21. Qd2 Qd6 22.
g3 h5 23. h4 Bh3 24. Rfe1 gxh4 25. Nxh4 Nc6 26. Bxh5 Re8 27. Kh2 Bc8 28. Qd3 Re4 29. Kg2 Rxh4 30. gxh4 Qh2+ 31. Kf1 Bh3+ 32. Ke2 Bg3 33. Rf1 Bxf1+ 34. Rxf1 Qxh4 35. Bf3 Bd6 36. Rg1+ Kf8 37. Bxd5 Qh2 38.
Rh1 Ne5 39. dxe5 Qxe5 40. Rh8+ Ke7 41. Qe4 b5 42. Qxe5+ Bxe5 43. b3 Kd6 44. e4 a4 45. bxa4 bxa4 46. Ra8 Bb2 47.
Rxa4 Kc5 48. Ra8 Kb6 49. a4 Bc3 50. Kd3 Bb4 51. Kc4 Bc5 52. f4 Be3 53. f5 Bf2 54.
a5+ Kc7 55. a6 Kb6 56. Bb7 Kc7 57. Rf8 Ba7 58. Rxf7+ Kb8 59. Bd5 Bd4 60. Kb5 Kc8 61. Kc6 Kd8 62. Kb7 Ke8 63.
a7 1-0

[Event "Blixt-SM 2021"]
[Site "Elite Hotel Marina Plaza, Kungstorget 6, Helsingborg, Sweden"]
[Date "2021.11.14"]
[Round "6.7"]
[White "Neretljak, Nedzad"]
[Black "Agovic, Seifo"]
[Result "1/2-1/2"]
[TimeControl "3 minutes + 2 seconds per move."]
[WhiteFideId "1713132"]
[BlackFideId "1702360"]
[WhiteElo "2148"]
[BlackElo "1910"]

1. e4 c5 2. Nf3 d6 3. d4 cxd4 4. Nxd4 Nf6 5.
Nc3 a6 6. Bc4 e6 7. Bb3 b5 8. f3 Bb7 9. Be3 Be7 10.
Qd2 O-O 1/2-1/2

[Event "Blixt-SM 2021"]
[Site "Elite Hotel Marina Plaza, Kungstorget 6, Helsingborg, Sweden"]
[Date "2021.11.14"]
[Round "8.5"]
[White "Nord, Alexander"]
[Black "Khalat, Havras"]
[Result "1-0"]
[TimeControl "3 minutes + 2 seconds per move."]
[WhiteFideId "1738135"]
[BlackFideId "1725017"]
[WhiteElo "1909"]
[BlackElo "1793"]

1. d4 Nf6 2. Nf3 e6 3.
g3 d5 4. Bg2 c6 5. O-O Bd6 6. c4 O-O 7. Nbd2 Nbd7 8.
Qc2 a6 9. e4 dxe4 10. Nxe4 Nxe4 11. Qxe4 Nf6 12. Qe2 h6 13. Rd1 Qe7 14. b3 Rb8 15. Ne5 Bxe5 16. dxe5 Nd7 17. Bf4 Rd8 18.
h4 Nf8 19. h5 Bd7 20. Be4 Nh7 21. Kg2 Ng5 22. Bc2 c5 23. Bxg5 Qxg5 24. Be4 b5 25. f4 Qe7 26. Rac1 b4 27.
Qf3 Be8 28. Kf2 Rxd1 29. Rxd1 Rd8 30. Qe2 a5 31. Bc2 f5 32. exf6 Qxf6 33. Rxd8 Qxd8 34. Qxe6+ Bf7 35. Qe2 Qd4+ 36. Kg2 Qf6 37. Qe4 Bxh5 38. Qa8+ Qf8 39. Bh7+ Kf7 40. Qd5+ Ke7 41. Qxh5 Qf6 42. Qxc5+ Kd7 43. Qd5+ Kc8 44. Bf5+ Kb8 45. Qe5+ 1-0

[Event "Blixt-SM 2021"]
[Site "Elite Hotel Marina Plaza, Kungstorget 6, Helsingborg, Sweden"]
[Date "2021.11.14"]
[Round "10.4"]
[White "Abedinov, Adnan"]
[Black "Nilsson, Patrik"]
[Result "0-1"]
[TimeControl "3 minutes + 2 seconds per move."]
[WhiteFideId "1703544"]
[BlackFideId "1708171"]
[WhiteElo "2170"]
[BlackElo "2143"]

1. c4 f5 2. Nc3 Nf6 3. g3 g6 4. Bg2 Bg7 5. d4 d6 6. Nf3 O-O 7. O-O Qe8 8. d5 Na6 9. Be3 c6 10. Nd4 Bd7 11. h3 Nc5 12. Rc1 a5 13. b3 Nfe4 14. Nxe4 Nxe4 15. Qd3 Nc5 16.
Qd2 Ne4 17. Qd3 Nc5 18. Qc2 Qf7 19. f4 Rfe8 20. Kh2 e5 21. dxe6 Nxe6 22. Nf3 Rad8 23. Bb6 Ra8 24. Rcd1 d5 25. cxd5 cxd5 26. Rxd5 Bc6 27. Rd2 a4 28. b4 h6 29. Ne5 Bxe5 30. fxe5 Bxg2 31. Kxg2 Ng5 32. Bd4 Ne4 33. Rd3 Rac8 34. Qb1 b5 35. Rdd1 Rc4 36. e3 Rec8 37. Bc5 Qb7 38. Kh2 Nc3 39. Qd3 Nxd1 40. Rxd1 Qf3 41. Qd5+ Qxd5 42. Rxd5 Rc2+ 43. Kg1 Rxa2 44. e6 Rc2 45. Rd7 a3 46. Bd4 R2c7 47. Rd5 a2 48.
Rxb5 Rc1+ 49. Kg2 a1=Q 50. Bxa1 Rxa1 51. Rb7 Ra6 52.
e7 Re8 53. b5 Ra2+ 54. Kf3 Kf7 55. Rb6 Rxe7 56. Rc6 Rb2 57. b6 Rb7 58. g4 fxg4+ 59. hxg4 R2xb6 60. Rc1 Rf6+ 61. Kg3 Re7 62. Rc3 Rfe6 63. Kf3 Kf6 64. Kg3 Kg5 65. Rc5+ Re5 0-1

[Event "Blixt-SM 2021"]
[Site "Elite Hotel Marina Plaza, Kungstorget 6, Helsingborg, Sweden"]
[Date "2021.11.14"]
[Round "12.2"]
[White "Wellevit, Tomas"]
[Black "Olsson, Linus"]
[Result "0-1"]
[TimeControl "3 minutes + 2 seconds per move."]
[BlackTitle "FM"]
[WhiteFideId "1731963"]
[BlackFideId "1706098"]
[WhiteElo "2113"]
[BlackElo "2204"]

1. e4 c5 2. Nf3 d6 3.
d4 cxd4 4. c3 d3 5. Bxd3 Nf6 6. Bg5 e6 7. Qd2 Be7 8. Na3 O-O 9. h4 a6 10. Nc2 b5 11. O-O-O Nbd7 12. Qe3 Nc5 13. e5 Nd5 14. Qd4 Nxd3+ 15. Rxd3 Bb7 16. Qg4 Kh8 17. exd6 Qxd6 18. h5 Bxg5+ 19. Qxg5 h6 20. Qd2 Rac8 21. Kb1 Rfd8 22. Rd1 a5 23.
g4 Qe7 24. g5 hxg5 25. Nxg5 Qf6 26. h6 gxh6 27. Ne4 Qg7 28. Rh1 Kh7 29. Qe2 Nf4 30. Rxd8 Nxe2 31. Rxc8 Bxc8 32. Ne3 Bb7 33. Rh4 Qg6 34. f3 Qg1+ 35.
Kc2 Qxe3 36. Nf6+ Kg7 37. Rxh6 Bxf3 38. Rh3 Kxf6 0-1

[Event "Blixt-SM 2021"]
[Site "Elite Hotel Marina Plaza, Kungstorget 6, Helsingborg, Sweden"]
[Date "2021.11.14"]
[Round "13.9"]
[White "Nilsson, Patrik"]
[Black "Strom-Engdahl, Alexander"]
[Result "0-1"]
[TimeControl "3 minutes + 2 seconds per move."]
[WhiteFideId "1708171"]
[BlackFideId "1741586"]
[WhiteElo "2143"]
[BlackElo "1783"]

1. d4 Nf6 2. Bf4 e6 3.
e3 b6 4.
Qf3 c6 5. Nc3 Bb4 6. Bd3 d5 7. Nge2 Nbd7 8. a3 Be7 9. e4 dxe4 10. Nxe4 Bb7 11. Nd6+ Bxd6 12. Bxd6 Qc8 13. Qg3 Rg8 14.
O-O c5 15. dxc5 Nxc5 16. Bb5+ Bc6 17. Nd4 Bd7 18. Rfe1 Nce4 19. Qe5 Nxd6 20. Qxd6 Qb8 21. Rxe6+ fxe6 22. Qxe6+ Kf8 23. Bxd7 Qd8 24. Bc6 Rc8 25.
Re1 Rc7 26. Qc4 Re7 27. Ne6+ Rxe6 28. Qxe6 g6 29. h3 Rg7 30. Ba4 Rc7 31. c3 Qe7 32. Qxe7+ Rxe7 33. Rxe7 Kxe7 34. Bc2 Nd5 35. f3 Nf4 36. Kh2 Kd6 37. g3 Nd5 38. Kg1 Ne3 39. Bd3 Nd1 40. Kf1 Nxb2 41. Bb5 Nd1 42. c4 Ne3+ 43. Ke2 Nf5 44. g4 Nd4+ 45. Kd3 Kc5 46. a4 Ne6 47. Ke4 Ng5+ 48. Ke5 Nxh3 49. f4 Nf2 50. g5 Ng4 51. Ke6 Kd4 52. f5 gxf5 53. Kxf5 Ne3+ 54. Kf6 Ke4 55. Kg7 Kf5 56.
Kxh7 Kxg5 57. Kg7 Kf5 58. Kf7 Ke5 59. Ke7 Kd4 60. Kd6 Nxc4+ 61. Kc7 Na3 62. Be8 Kc5 63.
Kb7 a5 64. Ka6 Nc2 65. Kb7 Nd4 66.
Ka6 Ne6 67. Kb7 Nd8+ 68. Kc7 Ne6+ 69. Kd7 Nd4 70. Kc7 Nc2 71. Bd7 Kb4 72. Kxb6 Nd4 73. Ka6 Ne2 74. Kb6 Nc3 75. Kc6 Nxa4 76. Kd5 Nb6+ 77. Kd4 Nxd7 78. Kd3 Kb3 79. Kd4 0-1

[Event "Blixt-SM 2021"]
[Site "Elite Hotel Marina Plaza, Kungstorget 6, Helsingborg, Sweden"]
[Date "2021.11.14"]
[Round "1.5"]
[White "Buzleta, Patrik"]
[Black "Olsson, Linus"]
[Result "0-1"]
[TimeControl "3 minutes + 2 seconds per move."]
[BlackTitle "FM"]
[WhiteFideId "1755463"]
[BlackFideId "1706098"]
[WhiteElo "1752"]
[BlackElo "2204"]

1. Nf3 g6 2. Nc3 d5 3.
e3 Nf6 4. h3 Bg7 5. b3 O-O 6. Bb2 c5 7. Qc1 Nc6 8. a3 d4 9. Ne2 e5 10. g3 Be6 11. Bg2 h6 12. c4 Qd7 13.
Qb1 Rab8 14. Qc1 Rfe8 15. g4 e4 16. Nh2 b5 17. Nf4 bxc4 18. bxc4 Ne5 19. Bf1 Red8 20. Rb1 Rb6 21. Be2 Nc6 22.
h4 Nxg4 23. Nxe6 Nxh2 24. Nxd8 Qxd8 25. Rxh2 d3 26. Bf1 Bxb2 27. Rxb2 Ne5 28. Rxb6 Nf3+ 29. Kd1 Qxb6 30. Rg2 Qb3+ 0-1

[Event "Blixt-SM 2021"]
[Site "Elite Hotel Marina Plaza, Kungstorget 6, Helsingborg, Sweden"]
[Date "2021.11.14"]
[Round "3.3"]
[White "Abedinov, Adnan"]
[Black "Rasti, Arvin"]
[Result "0-1"]
[TimeControl "3 minutes + 2 seconds per move."]
[WhiteFideId "1703544"]
[BlackFideId "1741160"]
[WhiteElo "2170"]
[BlackElo "2054"]

1. c4 Nf6 2. Nc3 g6 3. e4 d6 4. g3 Bg7 5. Bg2 O-O 6. Nge2 c5 7. O-O Nc6 8. d3 Ne8 9. f4 Nc7 10.
f5 a6 11. g4 Rb8 12. Qe1 b5 13.
Qh4 bxc4 14. dxc4 f6 15.
g5 Ne5 16. b3 Bd7 17. Be3 Qc8 18. Bh3 Qb7 19. Rad1 gxf5 20. Nf4 fxe4 21. Bxd7 Nxd7 22. g6 hxg6 23. Nxg6 Rf7 24. Rf2 Nf8 25. Rg2 Nce6 26. Ne2 Ng5 27. Bxg5 Nxg6 28. Qh5 fxg5 29. Qxg6 Rbf8 30. Rxg5 e3 31. Nf4 Qf3 32. Rf1 Qxf1+ 33. Kxf1 Rxf4+ 34. Ke2 R8f7 35. Kxe3 Kf8 36. Rg3 Rf2 37. Qe6 Bd4+ 38. Ke4 Re2+ 39. Kd5 Rxe6 40. Kxe6 Ke8 41. Rg8+ Rf8 42. Rg2 Rf6+ 43. Kd5 Kd7 44. Rg5 Rf4 0-1

[Event "Blixt-SM 2021"]
[Site "Elite Hotel Marina Plaza, Kungstorget 6, Helsingborg, Sweden"]
[Date "2021.11.14"]
[Round "5.1"]
[White "Jepson, Christian"]
[Black "Nilsson, Patrik"]
[Result "1-0"]
[TimeControl "3 minutes + 2 seconds per move."]
[WhiteTitle "IM"]
[WhiteFideId "1701185"]
[BlackFideId "1708171"]
[WhiteElo "2412"]
[BlackElo "2143"]

1. Nf3 f5 2. g3 Nf6 3. Bg2 g6 4. O-O Bg7 5. b4 d6 6. d4 O-O 7. Bb2 e5 8. dxe5 Ng4 9. h3 Nxe5 10. Qd5+ Kh8 11.
Nxe5 Qe7 12. Nd3 Bxb2 13. Nxb2 Qxe2 14. Nc3 Qxc2 15. Qd4+ Kg8 16. Bd5+ 1-0

[Event "Blixt-SM 2021"]
[Site "Elite Hotel Marina Plaza, Kungstorget 6, Helsingborg, Sweden"]
[Date "2021.11.14"]
[Round "6.8"]
[White "Wellevit, Tomas"]
[Black "Strom-Engdahl, Alexander"]
[Result "1-0"]
[TimeControl "3 minutes + 2 seconds per move."]
[WhiteFideId "1731963"]
[BlackFideId "1741586"]
[WhiteElo "2113"]
[BlackElo "1783"]

1. e4 e5 2. Nf3 Nf6 3. Nc3 Nc6 4. d3 Bc5 5. Be3 d6 6. Qd2 O-O 7.
O-O-O Bxe3 8. Qxe3 d5 9. d4 exd4 10. Nxd4 Nxd4 11. Qxd4 c6 12. e5 Nd7 13. f4 Qb6 14. Qd2 Nc5 15.
Be2 Rd8 16. g4 Qb4 17. a3 Qa5 18. f5 d4 19. f6 Ne6 20. Ne4 Qxd2+ 21. Rxd2 g6 22. h4 h6 23. h5 g5 24. Rhd1 Nf4 25. Bf3 Ne6 26. Nd6 c5 27. Bxb7 Bxb7 28. Nxb7 Rd5 29. Re1 Rb8 30. Nd6 Nf4 31. Nf5 Kh7 32. Nd6 Kg8 33. Re4 Rd8 34.
Nf5 Kh7 35. Ne7 R5d7 36. Nc6 Rc8 37. Ne7 Rb8 38. Nf5 Rdb7 39. b3 a5 40. a4 c4 41. Nxd4 cxb3 42. Nxb3 Rc7 43. Kb2 Ne6 44. Ka3 Rcb7 45.
Rd5 Rc7 46. Re2 Rbc8 47. Kb2 Nc5 48. Rxc5 Rxc5 49. Nxc5 Rxc5 50. c3 Kg8 51. Kb3 Kf8 52.
Re4 Ke8 53. e6 fxe6 54. Rxe6+ Kf7 55. Rb6 Re5 56. Rb5 Re1 57.
Rxa5 Kxf6 58. Ra6+ Ke5 59. Rxh6 Kf4 60. Rg6 Kxg4 61. h6 Rh1 62.
a5 Kf5 63. Rb6 g4 64. Kc4 g3 65.
Rb2 Rxh6 66. Kb5 Rh2 67. Rb1 Rc2 68.
c4 g2 69. Rg1 Ke5 70. a6 Kd6 71.
Rd1+ Kc7 72. c5 Rb2+ 73. Ka5 Kc6 74. Ra1 Rb8 75. a7 Ra8 76. Ka6 Kxc5 77. Kb7 Rg8 78. a8=Q g1=Q 79.
Rxg1 Rxg1 80. Qc8+ Kd5 81. Qc6+ Ke5 82. Qc5+ 1-0

[Event "Blixt-SM 2021"]
[Site "Elite Hotel Marina Plaza, Kungstorget 6, Helsingborg, Sweden"]
[Date "2021.11.14"]
[Round "8.6"]
[White "Kucuksari, Kaan"]
[Black "Rasti, Arvin"]
[Result "1-0"]
[TimeControl "3 minutes + 2 seconds per move."]
[WhiteTitle "FM"]
[WhiteFideId "6380166"]
[BlackFideId "1741160"]
[WhiteElo "2301"]
[BlackElo "2054"]

1. d4 Nf6 2. c4 c5 3. d5 g6 4. Nc3 Bg7 5. e4 d6 6. Nf3 O-O 7. Be2 e6 8. O-O exd5 9. exd5 Bg4 10. Nd2 Bxe2 11. Qxe2 Re8 12. Qf3 Nbd7 13. Nde4 Ne5 14. Qe2 Nxe4 15. Nxe4 h6 16. f4 Ng4 17.
f5 Nxh2 18. Rf4 gxf5 19. Kxh2 fxe4 20. Rg4 Qf6 21. Be3 Re5 22. Rf1 Rh5+ 23. Kg1 Qe5 24. Bf4 Qd4+ 25. Be3 Qe5 26. Bf4 Qe7 27.
Rxg7+ Kxg7 28. Qxh5 Rh8 29. Qg4+ Kf8 30. Qg3 Ke8 31. Bxd6 Qd7 32. Qe5+ Kd8 33. Qxh8+ 1-0

[Event "Blixt-SM 2021"]
[Site "Elite Hotel Marina Plaza, Kungstorget 6, Helsingborg, Sweden"]
[Date "2021.11.14"]
[Round "10.5"]
[White "Wellevit, Tomas"]
[Black "Nord, Alexander"]
[Result "1-0"]
[TimeControl "3 minutes + 2 seconds per move."]
[WhiteFideId "1731963"]
[BlackFideId "1738135"]
[WhiteElo "2113"]
[BlackElo "1909"]

1. e4 c5 2. Nf3 d6 3. d4 cxd4 4. c3 dxc3 5.
Nxc3 Nc6 6. Bc4 e6 7.
O-O Nf6 8. Bg5 Be7 9. Qe2 O-O 10.
Rfd1 e5 11. h3 Be6 12. Bb5 a6 13. Bxc6 bxc6 14. Nxe5 Qb6 15.
Nc4 Qb4 16. Ne3 a5 17. a3 Qc5 18. Bh4 Rfe8 19. f4 Rab8 20. Bf2 Qh5 21. Qxh5 Nxh5 22. f5 Bc8 23. Nc4 Ba6 24. Nxd6 Red8 25. Bc5 Rxb2 26. Ra2 Rxa2 27.
Nxa2 Bf6 28. Rd2 Bg5 29. Rf2 Be7 30.
e5 f6 31. Ne4 Bxc5 32. Nxc5 Bc4 33. e6 g6 34. g4 Ng7 35. Nc3 gxf5 36. gxf5 Re8 37. N3e4 Bd5 38. Nxf6+ Kf8 39. Nxe8 1-0

[Event "Blixt-SM 2021"]
[Site "Elite Hotel Marina Plaza, Kungstorget 6, Helsingborg, Sweden"]
[Date "2021.11.14"]
[Round "12.3"]
[White "Rajcevski, Dejan"]
[Black "Jepson, Christian"]
[Result "0-1"]
[TimeControl "3 minutes + 2 seconds per move."]
[BlackTitle "IM"]
[WhiteFideId "1759027"]
[BlackFideId "1701185"]
[WhiteElo "1977"]
[BlackElo "2412"]

1. d4 Nf6 2. Nf3 g6 3.
Bf4 d6 4. e3 Bg7 5. Be2 Nc6 6.
O-O O-O 7. h3 Qe8 8. c3 e5 9. Bh2 Qe7 10. a4 a6 11. b4 Bd7 12. Qc2 Rfe8 13. Re1 h5 14. Na3 Bf5 15. Qb2 e4 16. Nd2 g5 17. Nf1 b6 18.
Nc4 Bg6 19. a5 b5 20. Ncd2 Rab8 21. Rad1 Qd7 22. Nb3 h4 23. Qd2 Bh6 24. Qb2 g4 25. hxg4 Nxg4 26. Bf4 Bxf4 27. exf4 Kg7 28. Ne3 Nxe3 29. fxe3 Bf5 30. d5 Ne7 31. Nd4 f6 32.
Bh5 Rh8 33. Qe2 Rbg8 34. Nxf5+ Qxf5 35.
Bg4 Qg6 36. Bh3 f5 37. c4 Qg3 38.
cxb5 axb5 39. Kh1 Rb8 40. Rc1 Rhc8 41.
Qh5 Qg6 42. Qxg6+ Kxg6 43. Ra1 Nxd5 44. Reb1 Nxe3 45. Kg1 Kf6 46. Kf2 Nc4 47. g4 hxg3+ 48. Kxg3 Rh8 49. Kf2 Rxh3 0-1

[Event "Blixt-SM 2021"]
[Site "Elite Hotel Marina Plaza, Kungstorget 6, Helsingborg, Sweden"]
[Date "2021.11.14"]
[Round "1.6"]
[White "Abedinov, Adnan"]
[Black "Derdic, Valentin"]
[Result "1-0"]
[TimeControl "3 minutes + 2 seconds per move."]
[WhiteFideId "1703544"]
[BlackFideId "1763687"]
[WhiteElo "2170"]
[BlackElo "1748"]

1. e4 c5 2. Nf3 d6 3. c3 Nc6 4. d4 cxd4 5. cxd4 g6 6. Nc3 Bg7 7. h3 Nf6 8. Bd3 O-O 9. O-O e5 10. d5 Nd4 11. Nxd4 exd4 12. Ne2 Nd7 13.
Bb1 Qb6 14. Nf4 Ne5 15. Nd3 f5 16. f3 Nc4 17. Qb3 Qxb3 18. axb3 Ne3 19. Re1 fxe4 20. fxe4 Bd7 21. Nf2 Rf7 22. Bd3 Raf8 23. Nh1 a6 24.
Bd2 g5 25. Ng3 g4 26. h4 Bf6 27.
Bxe3 dxe3 28. Nf5 Bxf5 29. exf5 Bxb2 30. Ra2 Bd4 31.
g3 Kg7 32. Kg2 Kf6 33. Rc2 Ke5 34.
Rf1 Kxd5 35. Bc4+ Ke5 36. Bxf7 Rxf7 37. Rf4 Bc5 38. b4 Bb6 39. Kf1 d5 40. Ke2 d4 41. Rc8 Rd7 42.
Kd3 Bc7 43. Re8+ Kf6 44. Re6+ 1-0

[Event "Blixt-SM 2021"]
[Site "Elite Hotel Marina Plaza, Kungstorget 6, Helsingborg, Sweden"]
[Date "2021.11.14"]
[Round "3.4"]
[White "Elsner, Yair"]
[Black "Neretljak, Nedzad"]
[Result "0-1"]
[TimeControl "3 minutes + 2 seconds per move."]
[WhiteFideId "2838230"]
[BlackFideId "1713132"]
[WhiteElo "1629"]
[BlackElo "2148"]

1. e4 e6 2. d4 d5 3. Bd3 Nf6 4. e5 Nfd7 5. Ne2 c5 6. c3 Nc6 7. a3 a5 8. O-O Be7 9. f4 g6 10. Be3 a4 11. Qe1 c4 12. Bc2 b5 13. Nd2 Bb7 14. Qf2 Qc7 15. g4 Na5 16. Ng3 O-O-O 17. Kh1 h6 18. f5 gxf5 19. gxf5 Bg5 20.
Nf3 Rdg8 21. Rg1 Nb3 22. Bxb3 cxb3 23. h4 Bxe3 24. Qxe3 Rg4 25. Rg2 Rhg8 26. Rag1 Qc4 27. fxe6 fxe6 28. Nh5 Rxg2 29. Rxg2 Qf1+ 30. Qg1 Qxg1+ 31. Kxg1 Rxg2+ 32. Kxg2 Nb6 33. Nd2 Kd7 34.
Kf3 Ke7 35. Kg4 Bc6 36. Nf6 Nc4 37.
Nxc4 dxc4 38. Kh5 b4 39. cxb4 c3 0-1

[Event "Blixt-SM 2021"]
[Site "Elite Hotel Marina Plaza, Kungstorget 6, Helsingborg, Sweden"]
[Date "2021.11.14"]
[Round "5.2"]
[White "Rasti, Arvin"]
[Black "Storme, Isak"]
[Result "1-0"]
[TimeControl "3 minutes + 2 seconds per move."]
[BlackTitle "FM"]
[WhiteFideId "1741160"]
[BlackFideId "1728113"]
[WhiteElo "2054"]
[BlackElo "2037"]

1. d4 Nf6 2. Nf3 d5 3. c4 e6 4.
g3 Bb4+ 5. Bd2 Be7 6. Bg2 O-O 7. O-O c6 8.
Qc2 b6 9. Bf4 Bb7 10. Nbd2 Nbd7 11. Rac1 Nh5 12. Be3 Nhf6 13. Bf4 Nh5 14. cxd5 Nxf4 15. gxf4 cxd5 16. Ne5 Nxe5 17. fxe5 Ba6 18.
Bf3 Qd7 19. Rfd1 f6 20. e4 fxe5 21. exd5 exd5 22. Qb3 Rad8 23. dxe5 Kh8 24. Bg2 Bg5 25. Qg3 Bf4 26. Qc3 d4 27.
Qc6 Qxc6 28. Rxc6 Bxe5 29. Re1 Bf6 30. Rc7 d3 31. Rxa7 Bb5 32. a4 Bd7 33. Be4 Bg4 34. f3 Bh5 35. Kg2 Bg5 36. Rd1 Rf7 37. Rxf7 Bxf7 38. b4 Be3 39.
Nf1 Bf4 40. Rxd3 Rxd3 41. Bxd3 Bd6 42. a5 bxa5 1-0

[Event "Blixt-SM 2021"]
[Site "Elite Hotel Marina Plaza, Kungstorget 6, Helsingborg, Sweden"]
[Date "2021.11.14"]
[Round "6.9"]
[White "Nimander, Max"]
[Black "Rosell, Tomas"]
[Result "1-0"]
[TimeControl "3 minutes + 2 seconds per move."]
[WhiteFideId "1746677"]
[BlackFideId "1707132"]
[WhiteElo "1917"]
[BlackElo "2070"]

1. e4 c5 2. c3 d6 3. d4 Nf6 4. Bd3 g6 5. Nf3 Bg7 6. O-O O-O 7. Re1 Nc6 8. Bc4 Bg4 9. h3 Bxf3 10.
gxf3 cxd4 11. cxd4 Rc8 12. Bb3 Qa5 13. f4 Nxd4 14. Bd2 Qh5 15. Qxh5 Nxh5 16. Kg2 Nc2 17. Bxc2 Rxc2 18. Bc3 Bxc3 19. Nxc3 Rxb2 20. Kf3 Rc2 21. Nd5 e6 22. Ne3 Rc3 23. Red1 Rc6 24. Rab1 b6 25. a4 f5 26. e5 d5 27. Rd4 Rfc8 28. Rdb4 Kf7 29. Nf1 Rc4 30. Nd2 Rxb4 31. Rxb4 Rc3+ 32. Ke2 Rc5 33. Nb3 Rc3 34. a5 bxa5 35. Rb7+ Kg8 36. Nxa5 Nxf4+ 37. Kd2 Rd3+ 38. Kc2 Rf3 39. Nc6 Rxf2+ 40. Kb3 Nd3 1-0